 Dungeon Crawl Stone Soup version bcrawl-1.40.2 (webtiles) character file.

Game seed: 11630541425584769478

343811 polpettosauro the Ascendant (level 11, 0/142 HPs)
             Began as a Demigod Archaeologist on Nov 14, 2023.
             Slain by a killer bee (2 damage)
             ... on level 9 of the Dungeon.
             The game lasted 00:30:36 (10110 turns).

polpettosauro the Ascendant (DgAc)                 Turns: 10110, Time: 00:30:36

Health: 0/142      AC: 25    Str: 21    XL:     11   Next: 18%
Magic:  25/25      EV:  1    Int: 24    God:    Demigod [****..]
Gold:   823        SH:  5    Dex: 15    Spells: 6/10 levels left

rFire    + . .     GDR:     47% n - +0 war axe (freeze)
rCold    . . .     SeeInvis .   W - +0 buckler {rPois}
rNeg     + + +     Gourm    .   (armour currently unavailable)
rPois    +         Faith    .   (helmet currently unavailable)
rElec    .         Spirit   .   (cloak currently unavailable)
rCorr    .         Reflect  .   (gloves currently unavailable)
MR       +....     NoTele   +   (boots currently unavailable)
Stlth    ++++......             (no amulet)
HPRegen  0.33/turn              B - ring of protection from fire
MPRegen  0.19/turn              F - +6 ring of intelligence

@: lethally poisoned (0 -> -5), tree-form, heroism
A: giant, high mp 1
a: Temporal Distortion, Growth, Major Destruction, Heroism


You were on level 9 of the Dungeon.
You worshipped Demigod.
Demigod was greatly pleased with you.
You were hungry.
You were a tree.
You visited 1 branch of the dungeon, and saw 9 of its levels.
You also visited: Sewer.

You collected 823 gold pieces.

Inventory:

Hand Weapons
 b - a +0 blowgun
 n - a +0 war axe of freezing (weapon)
 o - a +0 hunting sling
 Y - a +1 hand axe of electrocution
Missiles
 f - 7 curare-tipped needles
 p - 1802 stones (quivered)
 r - 345 sling bullets
 t - 298 poisoned needles
 M - a throwing net {=f}
Armour
 a - a +1 pair of boots (melded)
 h - the +0 hat "Xiczalimm" (melded) {rElec rF++ Regen+ Dex-2}
   (You acquired it on level 3 of the Dungeon)

   It affects your dexterity (-2).
   It greatly protects you from fire.
   It insulates you from electricity.
   It increases your rate of regeneration.
 s - a +0 pair of gloves (melded)
 H - a +0 cloak (melded)
 R - a scarf of spirit shield
 S - a +0 plate armour (melded)
 W - a +0 buckler of poison resistance (worn)
Jewellery
 k - a +4 ring of evasion {unknown}
 y - a +5 ring of protection {unknown}
 z - an uncursed ring of see invisible {unknown}
 B - a ring of protection from fire (left branch)
 D - an uncursed ring of wizardry {unknown}
 F - a +6 ring of intelligence (right branch)
 N - an uncursed ring of positive energy {unknown}
 O - an uncursed amulet of regeneration
Wands
 P - a wand of flame (17)
 Q - a wand of charming (1)
Scrolls
 d - a scroll of enchant armour {unknown}
 g - a scroll of revelation
 i - a scroll of identify
 j - 3 scrolls of fog
 q - 4 scrolls of remove curse
 u - a scroll of immolation
 v - 6 scrolls of teleportation
 x - a scroll of fear {unknown}
 E - a scroll of amnesia {unknown}
 G - 2 scrolls of blinking
 J - a scroll of summoning {unknown}
 U - 2 scrolls of vulnerability {unknown}
Potions
 l - 2 potions of lignification
 m - 3 potions of agility
 w - 2 potions of flight {unknown}
 A - 3 potions of cancellation
 C - a potion of resistance
 I - 2 potions of magic {unknown}
 K - a potion of curing {unknown}
 L - a potion of ambrosia {unknown}
 T - 3 potions of brilliance {unknown}
 V - a potion of might {unknown}
Miscellaneous
 c - a lamp of fire (inert)
Comestibles
 e - 10 rations {!d}
 X - 4 chunks of flesh


   Skills:
 + Level 8.5(13.5) Fighting
 + Level 4.9(10.0) Axes
   Level 0.8(8.1) Maces & Flails
 - Level 2.6(7.6) Dodging
 - Level 3.0(8.0) Stealth
 - Level 5.0(10.0) Shields
 + Level 14.0 Invocations
 - Level 5.0 Evocations


You had 6 spell levels left.
You knew the following spells:

 Your Spells              Type           Power        Failure   Level  Hunger
a - Animate Dead          Necr           N/A          92%         4    ######.

Your spell library contained the following spells:

 Spells                   Type           Power        Failure   Level  Hunger
 Apportation              Tloc           #.....       22%         1    None
 Corona                   Hex            #......      22%         1    None
 Infusion                 Chrm           #.......     22%         1    None
 Necrotize                Necr           #.....       22%         1    None
 Sandblast                Erth           #.....       22%         1    None
 Slow                     Hex            #.......     22%         1    None
 Summon Butterflies       Summ           #.......     22%         1    None
 Summon Small Mammal      Summ           #...         22%         1    None
 Call Imp                 Summ           #.....       34%         2    ####...
 Call Canine Familiar     Summ           #.......     56%         3    #####..
 Vampiric Draining        Necr           #.........   56%         3    #####..
 Agony                    Necr           #.......     92%         4    ######.
 Summon Ice Beast         Ice/Summ       #.......     92%         4    ######.
 Dispel Undead            Necr           #.......     99%         5    #######
 Summon Lightning Spire   Summ/Air       #.......     99%         5    #######


Dungeon Overview and Level Annotations

Branches:
Dungeon (9/12)             Temple (0/1) D:4            Lair (0/6) D:9
    Orc: D:8-11

Shops:
D:8 *


Innate Abilities, Weirdness & Mutations

You have an increased reservoir of magic. (+10% MP)


Message History

The killer bee is severely wounded.
You feel sick. The killer bee stings you.
* * * LOW HITPOINT WARNING * * *
The killer bee stings you but does no damage. x2
Really quaff the potion of lignification?
You turn into a tree.
Your +0 cloak melds into your body.
The +0 hat "Xiczalimm" {rElec rF++ Regen+ Dex-2} melds into your body.
Your +0 pair of gloves melds into your body.
Your +1 pair of boots melds into your body.
Your +0 plate armour melds into your body.
Your roots penetrate the ground.
You feel sick. The killer bee stings you.
* * * LOW HITPOINT WARNING * * *
The killer bee stings you but does no damage.
You hit the killer bee. You freeze the killer bee.
The killer bee is almost dead.
You feel sick. The killer bee stings you.
* * * LOW HITPOINT WARNING * * *
The killer bee stings you.
You die...
Your divinity fades.

........#.. .......... ..........
#...... ......... #...... .......
#......
################....#######......
.#..............y...#............
.#..............♣...#............
.#..................#............
.#..................#..........÷.
.#....#........#....#...........<
.#....#........#....#>...)#######
##....#........#....#............
......#........######............
......#........#.................
......##########.................


You could see a killer bee.

Vanquished Creatures
  An unseen horror (D:6)
  An elephant (D:9)
  The ghost of yrara the Chopper, a novice DsFi (D:5)
  Grinder (D:5)
  2 trolls
  A queen bee (D:9)
  4 hippogriffs
  A wyvern (D:9)
  A yak (D:9)
  2 hungry ghosts
  A vampire mosquito (D:7)
  2 crocodiles (D:9)
  An orc warrior (D:7)
  3 ice beasts
  2 sky beasts (D:6)
  2 black bears (D:7)
  5 ogres
  3 phantoms
  4 kobold brigands
  2 bullfrogs
  A gnoll sergeant (D:4)
  2 centaurs
  A scorpion (D:8)
  16 killer bees
  6 wights
  2 howler monkeys
  2 orc priests
  4 crimson imps
  4 hounds
  Crazy Yiuf (D:4)
  4 jellies
  A bullfrog skeleton (D:5)
  2 gnoll shamans (D:4)
  8 orc wizards
  3 iguanas
  5 worker ants
  A killer bee zombie (D:7)
  3 hound skeletons
  2 worker ant zombies
  34 gnolls
  10 adders
  2 shadow imps
  18 oozes
  2 adder skeletons
  5 worms
  5 dart slugs
  20 leopard geckos
  31 orcs
  6 bats
  13 giant cockroaches
  9 hobgoblins
  28 jackals
  24 kobolds
  6 quokkas
  14 ball pythons
  17 frilled lizards
  10 goblins
  8 rats
370 creatures vanquished.

Vanquished Creatures (collateral kills)
  A killer bee (D:9)
1 creature vanquished.

Vanquished Creatures (others)
  5 killer bees (D:9)
  A bush (D:5)
  7 plants
13 creatures vanquished.

Grand Total: 384 creatures vanquished

Notes
Turn   | Place    | Note
-------+----------+-------------------------------------------
     0 | D:1      | polpettosauro the Demigod Archaeologist began the quest for
                  | the Orb.
     0 | D:1      | Reached XP level 1. HP: 15/15 MP: 3/3
    17 | D:1      | Reached skill level 1 in Fighting
   106 | D:1      | Reached XP level 2. HP: 19/24 MP: 4/4
   659 | D:1      | Reached XP level 3. HP: 26/30 MP: 5/5
  1021 | D:2      | Reached * piety under Demigod
  1195 | D:2      | Reached skill level 1 in Invocations
  1274 | D:2      | Reached XP level 4. HP: 32/38 MP: 7/7
  1357 | D:2      | Found a sparkling altar of Nemelex Xobeh.
  1404 | D:2      | Reached skill level 2 in Invocations
  1899 | D:3      | Reached skill level 3 in Invocations
  2045 | D:3      | Reached skill level 4 in Invocations
  2085 | D:3      | Reached XP level 5. HP: 35/45 MP: 10/10
  2085 | D:3      | Identified a scroll of acquirement
  2172 | D:3      | Reached ** piety under Demigod
  2212 | D:3      | Reached skill level 5 in Invocations
  2359 | D:3      | Identified the +0 hat "Xiczalimm" {rElec rF++ Regen+ Dex-2}
                  | (You acquired it on level 3 of the Dungeon)
  2359 | D:3      | Identified the ring of Xom's Capriciousness {Fire rPois rN+
                  | Slay+3} (You acquired it on level 3 of the Dungeon)
  2535 | D:3      | Found a blossoming altar of Fedhas.
  2743 | D:4      | Found a staircase to the Ecumenical Temple.
  2890 | D:4      | Found a glowing drain.
  2913 | D:4      | Reached skill level 1 in Shields
  2927 | D:4      | Reached XP level 6. HP: 51/52 MP: 12/12
  2944 | Sewer    | Entered a sewer
  3082 | Sewer    | Reached *** piety under Demigod
  3558 | D:4      | Reached XP level 7. HP: 44/60 MP: 13/13
  3616 | D:4      | Reached **** piety under Demigod
  3680 | D:4      | Reached skill level 5 in Fighting
  3767 | D:4      | Found a basalt altar of Yredelemnul.
  4231 | D:4      | Reached skill level 5 in Shields
  4324 | D:4      | Reached skill level 6 in Invocations
  4336 | D:4      | Reached XP level 8. HP: 68/68 MP: 15/15
  4473 | D:4      | Found a runed door.
  4651 | D:4      | Noticed Crazy Yiuf
  4653 | D:4      | Killed Crazy Yiuf
  4702 | D:5      | Entered Level 5 of the Dungeon
  4703 | D:5      | Found a runed translucent gate.
  4704 | D:5      | Found a runed translucent gate.
  4722 | D:5      | Found a runed translucent gate.
  4723 | D:5      | Noticed yrara's ghost (novice DsFi)
  4742 | D:5      | Noticed Grinder
  4766 | D:5      | Paralysed by Grinder for 2 turns
  4776 | D:5      | Killed Grinder
  4777 | D:5      | Reached skill level 8 in Invocations
  4911 | D:5      | Reached skill level 9 in Invocations
  5042 | D:5      | Reached skill level 10 in Invocations
  5194 | D:5      | Reached XP level 9. HP: 75/75 MP: 20/20
  5744 | D:5      | Killed yrara's ghost
  6548 | D:6      | Reached skill level 1 in Evocations
  6750 | D:6      | Killed an unseen horror
  6751 | D:6      | Reached XP level 10. HP: 39/90 MP: 21/21
  6995 | D:6      | Reached skill level 5 in Evocations
  7264 | D:7      | Found a shadowy altar of Dithmenos.
  7357 | D:7      | Found a shimmering blue altar of Sif Muna.
  7618 | D:7      | Reached skill level 11 in Invocations
  7788 | D:7      | Reached skill level 12 in Invocations
  8054 | D:8      | Identified the +0 helmet "Jufetwe" {Dex+3} (You acquired it
                  | on level 8 of the Dungeon)
  8374 | D:8      | Reached skill level 1 in Axes
  8408 | D:8      | Found Yxtiulao's General Store.
  8841 | D:8      | Learned a level 4 spell: Animate Dead
  9179 | D:9      | Found a radiant altar of Vehumet.
  9179 | D:9      | Found an opulent altar of Gozag.
  9190 | D:9      | Noticed an elephant
  9192 | D:9      | Reached skill level 13 in Invocations
  9216 | D:9      | Killed an elephant
  9275 | D:9      | Found a staircase to the Lair.
  9517 | D:9      | Reached XP level 11. HP: 32/95 MP: 25/25
  9973 | D:9      | Reached skill level 14 in Invocations
 10110 | D:9      | HP: 7/142 [poisoned by a killer bee]
 10110 | D:9      | HP: 2/142 [killer bee (5)]
 10110 | D:9      | Slain by a killer bee

Skill      XL: |  1  2  3  4  5  6  7  8  9 10 11 |
---------------+----------------------------------+-----
Fighting       | 1 2 3 4 5 6 8 |  8.5
Invocations    | 1 4 5 6 10 13 14 | 14.0
Shields        | 1 3 5 |  5.0
Evocations     | 4 5 |  5.0
Axes           | 4 |  4.9
Maces & Flails | |  0.8
Dodging        | |  2.6
Stealth        | |  3.0

Action                   |  1- 3 |  4- 6 |  7- 9 | 10-12 || total
-------------------------+-------+-------+-------+-------++-------
Melee: Whip              |    11 |       |       |       ||    11
       Dagger            |   118 |    61 |       |       ||   179
       Trident           |       |   306 |   465 |   155 ||   926
       Falchion          |       |       |    83 |       ||    83
       War axe           |       |       |       |   277 ||   277
 Fire: Hunting sling     |    34 |    47 |       |     5 ||    86
       Blowgun           |       |     1 |       |     7 ||     8
Invok: Major Destruction |       |       |    21 |    15 ||    36
       Growth            |       |       |     4 |     2 ||     6
       Temporal Distorti |       |       |     1 |       ||     1
       Heroism           |       |       |     1 |     2 ||     3
Evoke: Wand              |       |       |       |     8 ||     8
       Lamp of fire      |       |       |       |     1 ||     1
  Use: Scroll            |     1 |     6 |     7 |     1 ||    15
       Potion            |       |       |     2 |     2 ||     4
 Stab: Sleeping          |     4 |     1 |     2 |     1 ||     8
       Distracted        |       |     1 |     2 |       ||     3
  Eat: Chunk             |     5 |    22 |    29 |    18 ||    74
       Ration            |       |       |     3 |     5 ||     8
Armor: Robe              |    27 |     6 |       |       ||    33
       Ring mail         |       |   179 |   228 |    60 ||   467
       Plate armour      |       |       |       |   279 ||   279
       Skin              |       |       |       |     1 ||     1
Dodge: Dodged            |    81 |   212 |   227 |   182 ||   702
Block: Buckler           |       |    87 |   151 |   163 ||   401
